AoeStats
← VLC | BacTi

African Clearing

504339255Analyzed
4v4 RM · 27d ago on Sep 4, 2026· 41m 58s· 8 players
Game mode
Random Map
Map size
Large (8 player)
Population
200
Speed
Normal
Resources
Standard
Victory
Conquest
Starting age
Dark Age
Ending age
Imperial Age
RankedLock teamsTeams togetherTeam positionsShared explorationLock speedFull tech treeHidden civsTurbo modeCheats
Victory
Defeat
🇨🇴 Burmese · Colombia
1604
+13
🇨🇴 Inca · Colombia
1571
+14
🇨🇴 Armenians · Colombia
1508
+17
🇨🇴 Tatars · Colombia
1462
+18
🇦🇷 Vietnamese · Argentina
1558
-17
🇦🇷 Persians · Argentina
1557
-17
🇨🇱 Khmer · Chile
1556
-17
🇦🇷 Jurchens · Argentina
1422
-11
Tequila Sunset
12:28 Feudal Age
13:58 Double-Bit Axe
14:49 Loom
15:36 Fletching
17:05 Padded Archer Armor
22:05 Town Watch
25:38 Castle Age
26:20 Bodkin Arrow
26:28 Crossbowman
| ArCas |SirLaPonia
5:31 Loom
11:08 Feudal Age
11:50 Double-Bit Axe
14:40 Town Watch
16:06 Wheelbarrow
20:13 Castle Age
19:46 Horse Collar
26:20 Bloodlines
28:17 Scale Barding Armor
29:13 Husbandry
30:28 Stone Mining
31:48 Forging
32:49 Chain Barding Armor
35:04 Hand Cart
34:51 Gold Mining
34:46 Light Cavalry
38:27 Iron Casting
43:04 Imperial Age
41:16 Fletching
41:48 Ballistics
| ArCas | El BrancaS
10:59 Loom
12:58 Feudal Age
17:16 Castle Age
15:04 Double-Bit Axe
16:30 Scale Barding Armor
16:24 Gold Mining
17:37 Forging
25:18 Bloodlines
25:08 Husbandry
27:37 Bow Saw
33:40 Horse Collar
35:40 Fletching
36:44 Bodkin Arrow
36:52 Padded Archer Armor
37:03 Stone Mining
40:19 Ballistics
40:24 Leather Archer Armor
39:56 Town Watch
41:19 Wheelbarrow
AiM | shona
13:30 Feudal Age
13:59 Double-Bit Axe
14:21 Loom
19:01 Scale Barding Armor
20:00 Bloodlines
24:19 Castle Age
23:42 Forging
23:19 Horse Collar
23:33 Gold Mining
24:43 Light Cavalry
26:00 Iron Casting
25:39 Bow Saw
25:58 Husbandry
26:43 Wheelbarrow
25:53 Town Watch
28:12 Chain Barding Armor
28:37 Heavy Plow
30:10 Fletching
35:18 Gold Shaft Mining
34:34 Stone Mining
35:54 Hand Cart
42:18 Imperial Age
VLC | Raconteur
3:39 Loom
12:14 Feudal Age
12:16 Man-at-Arms
13:21 Arson
23:32 Wheelbarrow
23:06 Fletching
27:34 Castle Age
25:49 Padded Archer Armor
28:57 Bodkin Arrow
29:56 Crossbowman
31:12 Town Watch
35:03 Ballistics
40:49 Stone Mining
41:50 Horse Collar
VLC | BacTi
8:27 Loom
13:17 Feudal Age
18:05 Castle Age
19:13 Double-Bit Axe
23:35 Fletching
29:07 Bodkin Arrow
32:46 Bow Saw
32:17 Horse Collar
34:15 Ballistics
39:59 Heavy Plow
40:40 Wheelbarrow
44:04 Imperial Age
41:55 Gold Mining
42:06 Padded Archer Armor
42:28 Hand Cart
VLC | DafeKhan
11:04 Loom
14:06 Feudal Age
18:00 Castle Age
17:38 Fletching
17:38 Double-Bit Axe
18:57 Bow Saw
20:19 Bodkin Arrow
20:55 Fishing Lines
22:20 Bloodlines
24:26 Husbandry
26:00 Gold Mining
27:16 Ballistics
28:53 Padded Archer Armor
36:26 Leather Archer Armor
37:43 Horse Collar
VLC | Tithen
9:08 Loom
13:17 Feudal Age
14:34 Double-Bit Axe
15:28 Fletching
15:59 Town Watch
22:59 Castle Age
36:24 Crossbowman
37:25 Gold Mining
37:15 Horse Collar
38:52 Wheelbarrow
42:23 Bow Saw
Connection lost

Rejoining the realm…

Still unreachable

The connection could not be restored.

Session expired

The server has moved on; the page needs a fresh start.